 Dungeon Crawl Stone Soup version 0.20.1-1-g8b1a95d (webtiles) character file.

93 polve the Changer (level 4, -13/35 HPs)
             Began as a Draconian Transmuter on Aug 6, 2017.
             Mangled by a mummy (18 damage)
             ... in an ossuary.
             The game lasted 00:03:43 (3775 turns).

polve the Changer (Draconian Transmuter)            Turns: 3775, Time: 00:03:43

Health: -13/35     AC:  5    Str: 13    XL:     4   Next: 37%
Magic:  7/7        EV: 12    Int: 14    God:
Gold:   116        SH:  0    Dex: 11    Spells: 1/7 levels left

rFire    . . .     SeeInvis .     - Unarmed
rCold    . . .     Gourm    .   (no shield)
rNeg     . . .     Faith    .   (armour unavailable)
rPois    .         Spirit   .   (helmet restricted)
rElec    .         Reflect  .   (no cloak)
rCorr    .         Harm     .   (no gloves)
MR       .....                  (no boots)
Stlth    +.........             (no amulet)
Regen    0.2/turn               (no ring)
MPRegen  0.1/turn               (no ring)

@: no status effects
A: unfitting armour, cold-blooded, AC +5
a: no special abilities


You were in an ossuary.
You were hungry.

You visited 1 branch of the dungeon, and saw 4 of its levels.
You also visited: Ossuary.

You collected 116 gold pieces.

Inventory:

Missiles
 a - 82 arrows (quivered)
Scrolls
 d - a scroll of teleportation {unknown}
 e - 4 scrolls of identify {unknown}
 j - a scroll of enchant armour {unknown}
 n - a scroll of blinking {unknown}
 p - a scroll of amnesia {unknown}
 r - a scroll of random uselessness {unknown}
Potions
 g - a potion of ambrosia {unknown}
 h - a potion of brilliance {unknown}
 i - a potion of might {unknown}
 m - a potion of curing {unknown}
 q - 2 potions of flight {unknown}
Books
 b - a book of Changes

   Spells                             Type                      Level
   a - Beastly Appendage              Transmutation                1
   b - Sticks to Snakes               Transmutation                2
   c - Spider Form                    Transmutation/Poison         3
   d - Ice Form                       Ice/Transmutation            4
   e - Blade Hands                    Transmutation                5
Comestibles
 c - 4 bread rations
 k - 4 fruits
 l - a meat ration


   Skills:
 - Level 1.1 Fighting
 - Level 1.7 Dodging
 - Level 3.0 Unarmed Combat
 - Level 2.0 Spellcasting
 - Level 3.5 Transmutations
 + Level 2.8 Poison Magic


You had one spell level left.
You knew the following spells:

 Your Spells              Type           Power        Failure   Level  Hunger
a - Beastly Appendage     Tmut           ##....       5%          1    ##.....
b - Sticks to Snakes      Tmut           ##......     9%          2    ###....
c - Spider Form           Tmut/Pois      ##........   21%         3    ####...


Dungeon Overview and Level Annotations

Branches:
Dungeon (4/15)
 Temple: D:4-7

Altars:
Gozag


Innate Abilities, Weirdness & Mutations

Your plain brown scales are hard. (AC +5)
You cannot fit into any form of body armour.
You are cold-blooded and may be slowed by cold attacks.


Message History

Found a gate leading back out of this place.
A mummy comes into view.
There is a gate leading back out of this place here.
Found an emerald potion.
Found 2 fizzy ruby potions.
The mummy closely misses you.
Found 2 emerald potions and a fizzy grey potion.
A poisoned needle shoots out and hits you!
There is a needle trap here.
A poisoned needle hits the mummy, but does no damage!
Found a gate leading back out of this place.
The kobold zombie hits you.
* * * LOW HITPOINT WARNING * * *
There is a gate leading back out of this place here.
A mummy comes into view.
Found 2 scrolls labeled TERE CUSSOS and a scroll labeled AWNEMEGIDGH.
Found a scroll labeled NANIRR ZIOFA and a scroll labeled NIAMNI AFFAINE.
The mummy hits you!!
Ouch! That really hurt!
You die...

#..........∩........
#..#....................
#.......................
#.....##...............#
#.....##...............#
#....................Z..
#.......................
##+#....M....#####..Z.M.
#??#...@.ZZ.............
#??#...........∩........
########################


You could see a mummy, a kobold zombie and an orc zombie.

Vanquished Creatures
  A mummy (Ossuary)
  An ooze (D:2)
  An adder zombie (Ossuary)
  2 worms (D:3)
  3 dart slugs
  An orc (D:3)
  4 bats
  5 giant cockroaches
  9 goblins
  10 hobgoblins
  8 kobolds
  6 frilled lizards
  A goblin zombie (Ossuary)
  6 rats
58 creatures vanquished.

Notes
Turn   | Place    | Note
-------+----------+-------------------------------------------
     0 | D:1      | polve the Draconian Transmuter began the quest for the Orb.
     0 | D:1      | Reached XP level 1. HP: 16/16 MP: 3/3
   728 | D:1      | Reached XP level 2. HP: 23/23 MP: 3/5
   809 | D:1      | Learned a level 2 spell: Sticks to Snakes
  1302 | D:1      | Reached XP level 3. HP: 26/28 MP: 6/6
  1307 | D:1      | Learned a level 3 spell: Spider Form
  1811 | D:2      | Reached skill level 1 in Poison Magic
  3077 | D:3      | Reached XP level 4. HP: 24/35 MP: 5/7
  3628 | D:4      | Found an opulent altar of Gozag.
  3653 | D:4      | Found a sand-covered staircase.
  3660 | Ossuary  | Entered an ossuary
  3775 | Ossuary  | Mangled by a mummy

Skill      XL: |  1  2  3 |
---------------+----------+-----
Transmutations | 3 |  3.5
Poison Magic   | 2 |  2.8
Fighting       | |  1.1
Dodging        | |  1.7
Unarmed Combat | |  3.0
Spellcasting   | |  2.0

Action                   |  1- 3 |  4- 6 || total
-------------------------+-------+-------++-------
Melee: Unarmed           |   158 |    73 ||   231
       Tailslap          |    17 |     3 ||    20
       Kick              |     9 |    13 ||    22
       Headbutt          |     5 |       ||     5
       Punch             |     2 |     1 ||     3
 Cast: Beastly Appendage |    27 |     6 ||    33
       Spider Form       |     1 |       ||     1
  Use: Potion            |       |     1 ||     1
  Eat: Chunk             |     7 |     2 ||     9
Armor: Skin              |    32 |    23 ||    55
Dodge: Dodged            |    81 |    47 ||   128
